AoeStats
← 陟遐自迩

Pilgrims

509917944Analyzed
4v4 RM · 3d ago on Sep 28, 2026· 46m 49s· 8 players
Game mode
Random Map
Map size
Large (8 player)
Population
200
Speed
Normal
Resources
Standard
Victory
Conquest
Starting age
Dark Age
Ending age
Imperial Age
RankedLock teamsTeams togetherTeam positionsShared explorationLock speedFull tech treeHidden civsTurbo modeCheats
Victory
Defeat
🇩🇪 Varangians · Germany
1035
+15
🇬🇧 Danes · United Kingdom
984
+17
🇷🇺 Turks · Russia
979
+17
🇨🇳 Khitans · China
966
+18
🇹🇷 Huns · Türkiye
1084
-20
🇫🇷 Franks · France
1052
-19
🇵🇪 Spanish · Peru
975
-15
🇦🇷 Poles · Argentina
909
-13
Brooony
13:00 Feudal Age
16:34 Fletching
19:32 Double-Bit Axe
21:54 Castle Age
21:50 Horse Collar
22:26 Town Watch
22:29 Loom
23:00 Bow Saw
25:05 Heavy Plow
26:33 Stone Mining
26:44 Pikeman
30:57 Bodkin Arrow
33:57 Wheelbarrow
35:26 Ballistics
41:44 Imperial Age
40:01 Gold Mining
41:47 Gold Shaft Mining
41:32 Hand Cart
41:06 Town Watch
42:25 Bracer
42:58 Conscription
46:14 Scale Mail Armor
46:24 Forging
a3ik07
11:38 Feudal Age
15:53 Loom
20:50 Wheelbarrow
21:06 Double-Bit Axe
21:06 Horse Collar
24:16 Castle Age
22:15 Fletching
23:35 Gold Mining
23:36 Stone Mining
24:35 Forging
24:42 Scale Barding Armor
24:48 Forging
26:19 Hand Cart
26:33 Heavy Plow
30:29 Gold Mining
31:26 Bloodlines
49:28 Imperial Age
owen
10:17 Loom
13:17 Feudal Age
14:00 Fishing Lines
19:03 Castle Age
17:29 Forging
18:54 Double-Bit Axe
20:45 Iron Casting
21:37 Husbandry
29:55 Fletching
陟遐自迩
4:41 Loom
15:01 Feudal Age
15:33 Double-Bit Axe
16:08 Fishing Lines
20:25 Castle Age
18:54 Fletching
19:14 Forging
19:05 Scale Mail Armor
19:12 Stone Mining
20:39 Wheelbarrow
21:25 Bodkin Arrow
21:36 Gold Mining
22:22 Gillnets
23:28 Stone Shaft Mining
24:19 Bow Saw
24:55 Ballistics
27:04 Careening
27:04 Clinker Construction
30:59 Medium Warships
36:12 Scale Barding Armor
36:23 Husbandry
37:40 Bloodlines
39:27 Iron Casting
39:13 Chain Barding Armor
40:46 Coinage
43:03 Imperial Age
42:26 Masonry
44:51 Blast Furnace
44:27 Plate Barding Armor
44:15 Conscription
43:21 Elite Jarl
46:21 Banking
47:10 Two-Man Saw
Koleksiyoncu
12:02 Feudal Age
13:28 Double-Bit Axe
25:26 Castle Age
26:00 Wheelbarrow
32:47 Imperial Age
32:09 Fletching
32:20 Padded Archer Armor
32:43 Ballistics
32:15 Fishing Lines
33:00 Bow Saw
32:53 Heavy Cavalry Archer
33:59 Bodkin Arrow
35:13 Parthian Tactics
36:21 Husbandry
39:13 Two-Man Saw
40:37 Leather Archer Armor
Donald Trump
5:55 Loom
14:33 Feudal Age
19:33 Castle Age
20:00 Fletching
28:17 Bodkin Arrow
32:09 Padded Archer Armor
40:38 Double-Bit Axe
Cucharita
5:40 Loom
12:02 Feudal Age
13:22 Fishing Lines
13:55 Double-Bit Axe
16:39 Fletching
22:25 Castle Age
20:11 Horse Collar
21:21 Bloodlines
22:32 Gold Mining
32:57 Wheelbarrow
33:11 Scale Barding Armor
34:46 Bow Saw
36:11 Hand Cart
39:51 Imperial Age
39:15 Husbandry
43:14 Chain Barding Armor
47:57 Two-Man Saw
mateakd2013
14:57 Feudal Age
22:12 Castle Age
22:30 Horse Collar
Connection lost

Rejoining the realm…

Still unreachable

The connection could not be restored.

Session expired

The server has moved on; the page needs a fresh start.